 Dungeon Crawl Stone Soup version 0.23-a0-358-g98c7a59 (webtiles) character file.

32 JeffiDaFish the Sneak (level 3, -2/16 HPs)
             Began as a Spriggan Enchanter on Oct 23, 2018.
             Slain by Sigmund
             ... wielding a +0 scythe
              (4 damage)
             ... on level 2 of the Dungeon.
             The game lasted 00:03:19 (1397 turns).

JeffiDaFish the Sneak (Spriggan Enchanter)          Turns: 1397, Time: 00:03:20

Health: -2/16      AC:  2    Str:  2 (4)  XL:     3   Next: 10%
Magic:  5/8        EV: 18    Int: 17      God:
Gold:   41         SH:  0    Dex: 13 (16) Spells: 5/8 levels left

rFire    . . .     SeeInvis +   a - +3 dagger
rCold    . . .     Gourm    .   (shield restricted)
rNeg     . . .     Faith    .   b - +0 robe
rPois    .         Spirit   .   (helmet restricted)
rElec    .         Reflect  .   (no cloak)
rCorr    .         Harm     .   (gloves unavailable)
MR       .....                  (boots unavailable)
Stlth    +.........             (no amulet)
HPRegen  0.05/turn              (no ring)
MPRegen  0.11/turn              (no ring)

@: confused, very quick
A: very small, unfitting armour, see invisible, herbivore, speed 3, slow
metabolism 2
a: no special abilities


You were on level 2 of the Dungeon.
You were not hungry.

You visited 1 branch of the dungeon, and saw 2 of its levels.

You collected 41 gold pieces.

Inventory:

Hand Weapons
 a - a +3 dagger (weapon)
Armour
 b - a +0 robe (worn)
Scrolls
 c - a scroll of amnesia
Comestibles
 d - 3 rations


   Skills:
 - Level 1.1 Short Blades
 + Level 3.4 Dodging
 + Level 4.7 Stealth
 * Level 3.4 Spellcasting
 * Level 4.2 Hexes


You had 5 spell levels left.
You knew the following spells:

 Your Spells              Type           Power        Failure   Level  Hunger
a - Corona                Hex            ###....      3%          1    None
b - Ensorcelled Hibernat  Hex/Ice        ##....       11%         2    ##.....

Your spell library contained the following spells:

 Spells                   Type           Power        Failure   Level  Hunger
 Confuse                  Hex            ###.....     9%          3    ###....
 Tukima's Dance           Hex            ###.....     9%          3    ###....
 Dazzling Spray           Conj/Hex       ##....       22%         3    ###....


Dungeon Overview and Level Annotations

Branches:
Dungeon (2/15)

Altars:

Annotations:
D:2 Sigmund


Innate Abilities, Weirdness & Mutations

You are very small and have problems with some larger weapons.
You are too small for most types of armour.
You have supernaturally acute eyesight. (SInv)
You are a herbivore.
You cover ground extremely quickly.
You need to consume almost no food.


Message History

You puncture Sigmund!
Sigmund is heavily wounded.
Sigmund gestures at you while chanting. The puff of flame misses you.
Casting: Ensorcelled Hibernation (safe; 11% risk of failure)
Confirm with . or Enter, or press ? or * to list all spells.
Aiming: Corona (safe; 3% risk of failure)
Press: ? - help, Shift-Dir - straight line, f/p - Sigmund
Aim: Sigmund, wielding a +0 scythe and wearing a +0 robe (heavily wounded, Sigmund is outlined in light.
Sigmund casts a spell at you.
You are confused.
You barely miss Sigmund.
Sigmund is heavily wounded.
Sigmund casts a spell at you. The puff of flame hits you!
* * * LOW HITPOINT WARNING * * *
Sigmund completely misses you. Sigmund hits you with a +0 scythe.
You die...

#........#@. ## #.......... ...
#........# # ...
#......%.#.############ ####.#
#...>$...#.##.........###....###
#..........#####..?<#........(..
#........### ###.........<######
####...#.#####......##..........
#.......รท).@@.............###
#........#..#....##...###...#
#..........##....###### ###..
#.......#####....# ## #.......#
###### #.......# #...##### #...
###


You could see Sigmund.

Vanquished Creatures
  An adder (D:2)
  An ooze (D:1)
  A dart slug (D:1)
  A giant cockroach (D:1)
  A goblin (D:1)
  3 hobgoblins
  2 bats (D:1)
  3 frilled lizards (D:1)
  3 kobolds (D:1)
  3 rats (D:1)
19 creatures vanquished.

Notes
Turn   | Place    | Note
-------+----------+-------------------------------------------
     0 | D:1      | JeffiDaFish the Spriggan Enchanter began the quest for the
                  | Orb.
     0 | D:1      | Reached XP level 1. HP: 9/9 MP: 5/5
   378 | D:1      | Reached XP level 2. HP: 13/13 MP: 5/7
   452 | D:1      | Learned a level 2 spell: Ensorcelled Hibernation
   942 | D:2      | Noticed Sigmund
   954 | D:2      | Reached XP level 3. HP: 16/16 MP: 4/8
  1397 | D:2      | Slain by Sigmund

Vault maps used:
D:1:      dpeg_arrival_court, minivault_4
D:2:      first_ration, lemuel_altar_in_water2, uniq_robin, uniq_sigmund

Skill      XL: |  1  2 |
---------------+-------+-----
Spellcasting   | 3 |  3.4
Hexes          | 4 |  4.2
Short Blades   | |  1.1
Dodging        | |  3.4
Stealth        | |  4.7

Action                   || total
-------------------------++-------
Melee: Dagger            ||    62
 Cast: Corona            ||    12
       Ensorcelled Hiber ||    11
  Use: Scroll            ||     4
       Potion            ||     3
 Stab: Sleeping          ||    14
Armor: Robe              ||    11
Dodge: Dodged            ||    73

Table legend:
 A = Non-vault XP
 B = Vault XP
 C = Vault XP percentage of total XP
 D = Non-vault monster count
 E = Vault monster count
 F = Vault count percentage of total count
                 A         B        C        D         E       F
            +---------+---------+-------+---------+---------+-------
      Total |      47 |       0 |   0.0 |      19 |       0 |   0.0
            +---------+---------+-------+---------+---------+-------
        D:1 |      30 |       0 |   0.0 |      16 |       0 |   0.0
        D:2 |      17 |       0 |   0.0 |       3 |       0 |   0.0
            +---------+---------+-------+---------+---------+-------
